 Dungeon Crawl Stone Soup version 0.21.1-1-g345015f (webtiles) character file.

94 Iko the Sneak (level 4, -7/21 HPs)
             Began as a Spriggan Ice Elementalist on May 2, 2018.
             Was an Initiate of Kikubaaqudgha.
             Mangled by an ogre
             ... wielding a +0 giant spiked club
              (22 damage)
             ... on level 5 of the Dungeon.
             The game lasted 00:14:21 (1621 turns).

Iko the Sneak (Spriggan Ice Elementalist)           Turns: 1621, Time: 00:14:22

Health: -7/21      AC:  3    Str:  5    XL:     4   Next: 38%
Magic:  9/10       EV: 19    Int: 16    God:    Kikubaaqudgha [......]
Gold:   68         SH:  0    Dex: 16    Spells: 3/10 levels left

rFire    . . .     SeeInvis +   e - +4 dagger (elec)
rCold    + . .     Gourm    .   (shield restricted)
rNeg     . . .     Faith    .   a - +1 robe
rPois    .         Spirit   .   (helmet restricted)
rElec    .         Reflect  .   (no cloak)
rCorr    .         Harm     .   (gloves unavailable)
MR       .....                  (boots unavailable)
Stlth    +++.......             (no amulet)
HPRegen  0.07/turn              d - ring of protection from cold
MPRegen  0.12/turn              (no ring)

@: berserk cooldown, slowed, quick
A: very small, unfitting armour, see invisible, herbivore, speed 3, slow
metabolism 2
a: Renounce Religion


You were on level 5 of the Dungeon.
You worshipped Kikubaaqudgha.
Kikubaaqudgha was noncommittal.
You were not hungry.

You visited 1 branch of the dungeon, and saw 4 of its levels.

You collected 68 gold pieces.

Inventory:

Hand Weapons
 e - a +4 dagger of electrocution (weapon)
Armour
 a - a +1 robe (worn)
Jewellery
 d - a ring of protection from cold (left hand)
Potions
 f - a potion of might
 g - a potion of ambrosia
Books
 b - a book of Frost

   Spells                             Type                      Level
   a - Freeze                         Ice                          1
   b - Throw Frost                    Conjuration/Ice              2
   c - Ozocubu's Armour               Charms/Ice                   3
   d - Throw Icicle                   Conjuration/Ice              4
   e - Summon Ice Beast               Ice/Summoning                4
Comestibles
 c - a ration


   Skills:
 + Level 0.5 Fighting
 + Level 1.0 Short Blades
 + Level 3.5 Dodging
 + Level 4.1 Stealth
 + Level 1.0 Unarmed Combat
 + Level 3.5 Spellcasting
 + Level 0.6 Conjurations
 + Level 2.9 Ice Magic


You had 3 spell levels left.
You knew the following spells:

 Your Spells              Type           Power        Failure   Level  Hunger
a - Freeze                Ice            ##..         5%          1    None
b - Throw Frost           Conj/Ice       #.....       13%         2    ##.....
c - Summon Ice Beast      Ice/Summ       #.......     67%         4    ####...


Dungeon Overview and Level Annotations

Branches:
Dungeon (3/15)

Altars:
Hepliaklqana
Kikubaaqudgha


Innate Abilities, Weirdness & Mutations

You are very small and have problems with some larger weapons.
You are too small for most types of armour.
You have supernaturally acute eyesight. (SInv)
You are a herbivore.
You cover ground extremely quickly.
You need consume almost no food.


Message History

Found a crooked glowing staff.
Found 5 gold pieces.
An ogre comes into view. It is wielding a giant spiked club.
Casting: Freeze
Confirm with . or Enter, or press ? or * to list all spells.
You can't see any susceptible monsters within range! (Use Z to cast anyway.)
Casting: Freeze
Confirm with . or Enter, or press ? or * to list all spells.
Aiming: Freeze
Press: ? - help, Shift-Dir - straight line, f - ogre
Aim: an ogre, wielding a giant spiked club You freeze the ogre.
The ogre is moderately wounded.
The ogre closely misses you.
You hit the ogre.
The ogre is moderately wounded.
The ogre hits you with a giant spiked club!!
Ouch! That really hurt!
You die...
Kikubaaqudgha rasps: "You have failed me!
Welcome... death!"

.##....##.....#......#
..............#......#
..............#......#
..............+....[.#
.......####'###......####
.......#.................
.......#.............$...
.......#.................
####'###........@O.......
.........................
....................|....
.........................
.........................
........#############+#.
####+#### ...#...#
...'...#


You could see an ogre.

Vanquished Creatures
  2 worker ants (D:5)
  An adder (D:2)
  An ooze (D:1)
  A dart slug (D:1)
  4 bats
  5 giant cockroaches
  4 goblins
  4 hobgoblins
  4 jackals (D:1)
  A quokka (D:5)
  A frilled lizard (D:2)
  A kobold (D:1)
  2 rats
31 creatures vanquished.

Notes
Turn   | Place    | Note
-------+----------+-------------------------------------------
     0 | D:1      | Iko the Spriggan Ice Elementalist began the quest for the Orb.
     0 | D:1      | Reached XP level 1. HP: 9/9 MP: 5/5
   431 | D:1      | Reached XP level 2. HP: 6/13 MP: 2/6
   957 | D:1      | Learned a level 2 spell: Throw Frost
   969 | D:2      | Reached XP level 3. HP: 12/16 MP: 8/8
  1282 | D:2      | Found an ancient bone altar of Kikubaaqudgha.
  1301 | D:2      | Became a worshipper of Kikubaaqudgha
  1409 | D:3      | Found a hazy altar of Hepliaklqana.
  1413 | D:3      | You fall through a shaft for 2 floors!
  1413 | D:5      | Entered Level 5 of the Dungeon
  1434 | D:5      | Reached XP level 4. HP: 15/21 MP: 10/10
  1440 | D:5      | Learned a level 4 spell: Summon Ice Beast
  1610 | D:5      | Reached skill level 1 in Short Blades
  1610 | D:5      | Reached skill level 4 in Stealth
  1610 | D:5      | Reached skill level 1 in Unarmed Combat
  1613 | D:5      | Noticed an ogre
  1621 | D:5      | Mangled by an ogre

Skill      XL: |  1  2  3  4 |
---------------+-------------+-----
Spellcasting   | 3 |  3.5
Short Blades   | 1 |  1.0
Stealth        | 4 |  4.1
Unarmed Combat | 1 |  1.0
Fighting       | |  0.5
Dodging        | |  3.5
Conjurations   | |  0.6
Ice Magic      | |  2.9

Action                   |  1- 3 |  4- 6 || total
-------------------------+-------+-------++-------
Melee: Unarmed           |    43 |       ||    43
       Dagger            |    55 |    11 ||    66
 Cast: Freeze            |    12 |     1 ||    13
  Use: Scroll            |     4 |       ||     4
       Potion            |     3 |     1 ||     4
 Stab: Sleeping          |     4 |       ||     4
Armor: Robe              |    14 |     1 ||    15
Dodge: Dodged            |    98 |    11 ||   109
